 Dungeon Crawl Stone Soup version 0.24.1-8-ga250c9d538 (webtiles) character file.

Game seed: 12629837555516590380, levelgen mode: deterministic

5124 Linkola the Blocker (level 10, -7/86 HPs)
             Began as a Minotaur Fighter on May 3, 2020.
             Was a Follower of Okawaru.
             Mangled by a vampire mosquito (8 damage)
             ... on level 8 of the Dungeon.
             The game lasted 00:31:02 (5925 turns).

Linkola the Blocker (Minotaur Fighter)              Turns: 5925, Time: 00:31:04

Health: -7/86      AC: 11    Str: 25    XL:     10   Next: 32%
Magic:  10/10      EV: 11    Int:  5    God:    Okawaru [*.....]
Gold:   585        SH: 12    Dex: 12    Spells: 9/9 levels left

rFire    + . .     SeeInvis .   y - +2 flail (drain)
rCold    . . .     Gourm    .   c - +0 shield
rNeg     . . .     Faith    .   q - +2 scale mail {rF+}
rPois    .         Spirit   .   (helmet restricted)
rElec    .         Reflect  .   (no cloak)
rCorr    .         Harm     .   A - +0 pair of gloves
MR       .....                  (no boots)
Stlth    ..........             h - amulet of regeneration
HPRegen  0.64/turn              B - +3 ring of dexterity
MPRegen  0.12/turn              (no ring)

@: no status effects
A: retaliatory headbutt, horns 2
a: Heroism, Renounce Religion


You were on level 8 of the Dungeon.
You worshipped Okawaru.
Okawaru was aware of your devotion.
You were not hungry.

You visited 2 branches of the dungeon, and saw 10 of its levels.

You collected 585 gold pieces.

Inventory:

Hand Weapons
 v - a +5 vampiric short sword
 y - a +2 flail of draining (weapon)
 D - a +2 falchion of holy wrath
Missiles
 e - 3 boomerangs (quivered)
Armour
 c - a +0 shield (worn)
 q - a +2 scale mail of fire resistance (worn)
 A - a +0 pair of gloves (worn)
Jewellery
 h - an amulet of regeneration (around neck)
 B - a +3 ring of dexterity (left hand)
Wands
 m - a wand of random effects (50)
 x - a wand of disintegration (13)
Scrolls
 a - 2 scrolls of magic mapping {unknown}
 b - a scroll of random uselessness {unknown}
 i - a scroll of noise {unknown}
 r - 2 scrolls of teleportation {unknown}
 t - a scroll of amnesia {unknown}
 u - 8 scrolls of remove curse {unknown}
 z - 3 scrolls of fog {unknown}
 C - 2 scrolls of enchant armour {unknown}
Potions
 d - 2 potions of might
 j - a potion of mutation {unknown}
 k - a potion of lignification {unknown}
 l - 4 potions of heal wounds {unknown}
 n - 2 potions of curing {unknown}
 o - a potion of ambrosia {unknown}
 p - a potion of agility {unknown}
 s - a potion of cancellation {unknown}
 w - a potion of flight {unknown}
Comestibles
 f - 14 rations
 g - 2 chunks of flesh


   Skills:
 + Level 7.2 Fighting
 + Level 6.0 Short Blades
   Level 3.7(6.4) Axes
 + Level 8.1(8.5) Maces & Flails
 + Level 8.8 Armour
 + Level 4.3 Dodging
 - Level 0.1 Stealth
 + Level 9.6 Shields
 * Level 1.8 Invocations


You had 9 spell levels left.
You didn't know any spells.
Your spell library contained the following spells:

 Spells                   Type           Power        Failure   Level  Hunger
 Beastly Appendage        Tmut           #.....       92%         1    ##.....
 Sticks to Snakes         Tmut           #.......     98%         2    ###....
 Spider Form              Tmut/Pois      #.........   100%        3    ####...
 Ice Form                 Ice/Tmut       #.......     100%        4    #####..
 Blade Hands              Tmut           #.........   100%        5    ######.


Dungeon Overview and Level Annotations

Branches:
Dungeon (9/15)             Temple (1/1) D:7            Lair (0/6) D:8
    Orc: D:9-12

Altars:
Dithmenos
Hepliaklqana
Kikubaaqudgha
Makhleb
Nemelex Xobeh
Okawaru
Qazlal
Ru
Trog
Uskayaw
Vehumet
The Shining One

Shops:
D:5 %   D:7 ::=

Annotations:
D:5 2 transporters


Innate Abilities, Weirdness & Mutations

You reflexively headbutt those who attack you in melee.
You have a pair of horns on your head.


Message History

Items here: ( ) [ รท a +0 club; a +0 ring mail; 2 stones; an orc skeleton You block the vampire mosquito's attack. x2
You climb upwards.
There is a stone staircase leading down here.
You miss the vampire mosquito.
The vampire mosquito is almost destroyed.
The vampire mosquito bites you!
* * * LOW HITPOINT WARNING * * *
The vampire mosquito draws strength from your injuries!
The vampire mosquito bites you but does no damage.
You block the vampire mosquito's attack. x2
You completely miss the vampire mosquito.
The vampire mosquito is heavily damaged.
You block the vampire mosquito's attack.
The vampire mosquito bites you.
* * * LOW HITPOINT WARNING * * *
The vampire mosquito draws strength from your injuries!
The vampire mosquito bites you!
You die...

#################
................#######
##....................#
.....##..######)#####.#
#######.........@y....#
##.##....y#####.########
#.##.###..............#
#.##.###.#####.######.#
#.#...##.# #.## #.#
##### #...#....# #[.#
#.# ....# ###...####
#..# #.# ###.# ##.##
#..# #.# #.# #.# #..#
#.#


You could see 2 vampire mosquitoes.

Vanquished Creatures
  A hippogriff (D:7)
  A wyvern (D:8)
  3 yaks
  2 hungry ghosts (D:7)
  A vampire mosquito (D:9)
  A water moccasin (D:6)
  2 porcupines (D:8)
  An orc warrior (D:5)
  A phantom (D:6)
  2 sky beasts
  8 ogres
  4 centaurs
  A crocodile (D:8)
  2 big kobolds
  7 bullfrogs
  4 scorpions
  A killer bee (D:8)
  5 wights (D:7)
  2 crimson imps
  2 jellies (D:6)
  5 orc priests
  5 hounds
  2 bullfrog skeletons
  A gnoll shaman (D:4)
  An iguana (D:5)
  5 orc wizards
  Natasha (thrice) (D:2)
  3 worker ants
  2 hound skeletons
  A worker ant zombie (D:5)
  Robin (D:2)
  11 gnolls
  10 adders
  2 shadow imps
  An adder zombie (D:6)
  An adder skeleton (D:4)
  A worm (D:4)
  3 dart slugs
  10 leopard geckos
  19 orcs
  4 giant cockroaches
  12 goblins
  12 hobgoblins
  12 jackals
  19 kobolds
  3 quokkas
  A ball python (D:1)
  5 bats
  7 frilled lizards
  A leopard gecko skeleton (D:8)
  9 rats
  A fungus (D:8)
224 creatures vanquished.

Vanquished Creatures (others)
  7 fungi (D:8)
7 creatures vanquished.

Grand Total: 231 creatures vanquished

Notes
Turn   | Place    | Note
-------+----------+-------------------------------------------
     0 | D:1      | Linkola the Minotaur Fighter began the quest for the Orb.
     0 | D:1      | Reached XP level 1. HP: 19/19 MP: 0/0
    22 | D:1      | Reached XP level 2. HP: 27/27 MP: 1/1
    46 | D:1      | Reached skill level 4 in Shields
   354 | D:1      | Reached XP level 3. HP: 32/33 MP: 2/2
   960 | D:2      | Noticed Natasha
   976 | D:2      | Killed Natasha
   976 | D:2      | Reached XP level 4. HP: 40/40 MP: 3/3
  1112 | D:2      | Noticed Natasha
  1116 | D:2      | Killed Natasha
  1116 | D:2      | Reached skill level 1 in Dodging
  1116 | D:2      | Reached skill level 5 in Shields
  1176 | D:2      | Reached XP level 5. HP: 39/46 MP: 4/4
  1210 | D:2      | Noticed Natasha
  1221 | D:2      | Killed Natasha
  1221 | D:2      | Reached skill level 1 in Short Blades
  1277 | D:2      | Noticed Robin
  1314 | D:2      | Killed Robin
  1317 | D:2      | Reached skill level 5 in Armour
  1340 | D:2      | Found a sacrificial altar of Ru.
  1755 | D:3      | Found a hide-covered altar of Uskayaw.
  1756 | D:3      | Noticed a +0 dagger
  1756 | D:3      | Noticed a -1 hand axe
  2052 | D:4      | Found an ancient bone altar of Kikubaaqudgha.
  2084 | D:4      | Reached XP level 6. HP: 52/52 MP: 5/5
  2812 | D:5      | Entered Level 5 of the Dungeon
  2852 | D:5      | Found a transporter.
  2927 | D:5      | Reached XP level 7. HP: 60/60 MP: 6/6
  2946 | D:5      | Reached skill level 6 in Shields
  3090 | D:5      | Found a transporter.
  3219 | D:5      | Found a sparkling altar of Nemelex Xobeh.
  3238 | D:5      | Found Pumpar's Food Shop.
  3459 | D:5      | Reached skill level 5 in Fighting
  3459 | D:5      | Reached skill level 5 in Short Blades
  3459 | D:5      | Reached XP level 8. HP: 9/68 MP: 7/7
  3566 | D:6      | Found a hazy altar of Hepliaklqana.
  3615 | D:6      | Reached skill level 7 in Shields
  3669 | D:6      | Reached skill level 1 in Maces & Flails
  4071 | D:6      | Reached XP level 9. HP: 74/74 MP: 8/8
  4306 | D:7      | Reached skill level 8 in Shields
  4382 | D:7      | Reached skill level 5 in Maces & Flails
  4477 | D:7      | Found Ecwun's Book Shoppe.
  4521 | D:7      | Found Zaedelis's Jewellery Shop.
  4598 | D:7      | Found Kyvipp's Book Emporium.
  4615 | D:7      | Found a staircase to the Ecumenical Temple.
  4643 | Temple   | Entered the Ecumenical Temple
  4671 | Temple   | Became a worshipper of Warmaster Okawaru
  5045 | D:8      | Reached skill level 9 in Shields
  5062 | D:8      | Found a staircase to the Lair.
  5100 | D:8      | Reached * piety under Okawaru
  5157 | D:8      | Reached XP level 10. HP: 72/84 MP: 9/9
  5647 | D:8      | Reached skill level 1 in Invocations
  5924 | D:8      | HP: 4/86 [vampire mosquito (9)]
  5925 | D:8      | HP: 1/86 [vampire mosquito (3)]
  5925 | D:8      | Mangled by a vampire mosquito

Levels and vault maps discovered:
D:1:      zelgadis_glass_arrival_small, layout_basic
D:2:      layout_rooms, nicolae_overflow_hidden_temple, first_ration,
          uniq_natasha, uniq_robin
D:3:      layout_loops_ring, dancing_weapons_uskayaw, minmay_misc_feat_encased
D:4:      layout_basic, lemuel_crystal_altar
D:5:      gammafunk_cloud_chamber, layout_loops_ring,
          lemuel_coloured_pillars_altar, serial_shops, shop
D:6:      wad_crossroads, layout_basic, basic_altar, lemuel_old_faithful
D:7:      layout_loops_ring, minmay_temple_entry_statues_fountains,
          serial_shops, shop, shop_fountains, shop,
          eino_small_chamber_without_monster
D:8:      minmay_bubble_buster, layout_loops_ring, due_lair_maze_entry_diamond
D:9:      layout_cave_pools, overflow_temple_1_default,
          nicolae_overflow_crystal_walls, serial_shops, kennysheep_mini
Temple:   regret_index_temple_sphere_string

Skill      XL: |  1  2  3  4  5  6  7  8  9 10 |
---------------+-------------------------------+-----
Armour         | 4 5 6 7 8 |  8.8
Shields        | 4 5 6 7 9 |  9.6
Fighting       | 4 5 6 7 |  7.2
Dodging        | 1 2 3 4 |  4.3
Short Blades   | 2 3 5 6 |  6.0
Axes           | 3 |  3.7
Maces & Flails | 3 7 8 |  8.1
Invocations    | 1 |  1.8
Stealth        | |  0.1

Action                   |  1- 3 |  4- 6 |  7- 9 | 10-12 || total
-------------------------+-------+-------+-------+-------++-------
Melee: War axe           |    35 |       |       |       ||    35
       Dagger            |    75 |   131 |       |       ||   206
       Headbutt          |    14 |    26 |    68 |    21 ||   129
       Short sword       |       |    20 |   109 |       ||   129
       Flail             |       |       |   245 |   116 ||   361
  Use: Scroll            |       |     7 |     2 |     3 ||    12
       Potion            |       |     1 |     1 |       ||     2
  Eat: Chunk             |       |     7 |     8 |     2 ||    17
       Ration            |       |       |     2 |       ||     2
Armor: Scale mail        |    71 |    43 |   103 |    46 ||   263
Dodge: Dodged            |    40 |    46 |   113 |    50 ||   249
Block: Shield            |    91 |    61 |   231 |   110 ||   493
